AoeStats
← tic.tac.toe

Scandinavia

510405051Analyzed
1v1 RM · 1d ago on Sep 30, 2026· 75m 14s· 2 players
Game mode
Random Map
Map size
Tiny (2 player)
Population
200
Speed
Normal
Resources
Standard
Victory
Conquest
Starting age
Dark Age
Ending age
Imperial Age
RankedLock teamsTeams togetherTeam positionsShared explorationLock speedFull tech treeHidden civsTurbo modeCheats
Victory
Defeat
🇧🇾 Japanese · Belarus
1459
+14
🇹🇷 Persians · Türkiye
1425
-14
RubyMess
7:21 Loom
10:15 Feudal Age
11:16 Double-Bit Axe
16:28 Castle Age
14:23 Horse Collar
16:21 Bloodlines
17:36 Medium Warships
18:47 Husbandry
19:53 Forging
20:02 Fishing Lines
21:25 Scale Barding Armor
22:25 Bow Saw
29:34 Wheelbarrow
31:48 Imperial Age
30:03 Chain Barding Armor
30:39 Iron Casting
30:49 Gold Mining
32:51 Hand Cart
33:13 Plate Barding Armor
32:21 Cavalier
34:28 Town Watch
35:26 Gold Shaft Mining
37:29 Devotion
38:42 Fletching
38:53 Padded Archer Armor
40:43 Chemistry
39:39 Bodkin Arrow
40:32 Leather Archer Armor
42:43 Blast Furnace
50:13 Two-Man Saw
49:17 Heavy Plow
50:39 Hoardings
50:27 Conscription
51:29 Savar
53:52 Ring Archer Armor
55:07 Heavy Warships
54:35 Elite Skirmisher
59:33 Thumb Ring
61:06 Masonry
61:16 Ballistics
62:23 Elite Cannon Galleon
64:26 Light Cavalry
67:08 Crop Rotation
68:25 Hussar
73:06 Kamandaran
73:12 Crossbowman
tic.tac.toe
10:39 Feudal Age
9:04 Loom
11:18 Double-Bit Axe
19:22 Castle Age
20:00 Fletching
22:57 Gold Mining
25:37 Gold Shaft Mining
24:54 Stone Mining
25:26 Medium Warships
25:27 Horse Collar
25:57 Bow Saw
27:22 Pikeman
28:03 Squires
28:07 Scale Mail Armor
32:18 Wheelbarrow
32:13 Bodkin Arrow
32:38 Chain Mail Armor
32:34 Forging
33:34 Hand Cart
33:08 Treadmill Crane
37:05 Imperial Age
35:20 Chain Mail Armor
35:43 Iron Casting
35:22 Town Watch
35:41 Heavy Plow
37:05 Halberdier
38:01 Chain Mail Armor
38:25 Arson
41:02 Ballistics
41:42 Chemistry
42:14 Hand Cart
43:06 Man-at-Arms
43:31 Gambesons
44:17 Plate Mail Armor
44:47 Blast Furnace
45:12 Blast Furnace
44:07 Bodkin Arrow
44:13 Bodkin Arrow
44:18 Padded Archer Armor
44:38 Long Swordsman
45:53 Masonry
45:49 Siege Engineers
46:32 Two-Handed Swordsman
48:05 Bracer
48:32 Elite Skirmisher
48:41 Elite Skirmisher
50:10 Leather Archer Armor
52:35 Ring Archer Armor
60:54 Hoardings
60:40 Conscription
62:50 Heavy Warships
65:40 Guard Tower
65:35 Arrowslits
67:28 Keep
67:33 Murder Holes
67:29 Champion
74:01 Yasama
Connection lost

Rejoining the realm…

Still unreachable

The connection could not be restored.

Session expired

The server has moved on; the page needs a fresh start.